 Dungeon Crawl Stone Soup version 0.21-a0-442-g848f44b3bc (webtiles) character file.

4 Benedicte the Sneak (level 1, -2/9 HPs)
             Began as a Spriggan Enchanter on Nov 18, 2017.
             Slain by an orc
             ... wielding a +0 whip
              (5 damage)
             ... on level 3 of the Dungeon.
             The game lasted 00:01:50 (290 turns).

Benedicte the Sneak (Spriggan Enchanter)             Turns: 290, Time: 00:01:50

Health: -2/9       AC:  2    Str:  4    XL:     1   Next: 50%
Magic:  5/5        EV: 18    Int: 16    God:
Gold:   0          SH:  0    Dex: 16    Spells: 4/5 levels left

rFire    . . .     SeeInvis +   a - +1 dagger
rCold    . . .     Gourm    .   (shield restricted)
rNeg     . . .     Faith    .   b - +0 robe
rPois    .         Spirit   .   (helmet restricted)
rElec    .         Reflect  .   (no cloak)
rCorr    .         Harm     .   (gloves unavailable)
MR       .....                  (boots unavailable)
Stlth    +++.......             (no amulet)
HPRegen  0.03/turn              (no ring)
MPRegen  0.09/turn              (no ring)

@: very slightly contaminated, very quick
A: unfitting armour, see invisible, herbivore 3, speed 3, slow metabolism 2
a: no special abilities


You were on level 3 of the Dungeon.
You were not hungry.

You visited 1 branch of the dungeon, and saw 3 of its levels.

Inventory:

Hand Weapons
 a - a +1 dagger (weapon)
Missiles
 e - 3 stones (quivered)
Armour
 b - a +0 robe (worn)
Books
 c - a book of Maledictions

   Spells                             Type                      Level
   a - Corona                         Hexes                        1
   b - Ensorcelled Hibernation        Hexes/Ice                    2
   c - Confuse                        Hexes                        3
   d - Tukima's Dance                 Hexes                        3
   e - Dazzling Spray                 Conjuration/Hexes            3
Comestibles
 d - a bread ration


   Skills:
 - Level 1.1 Short Blades
 - Level 3.0 Dodging
 - Level 4.4 Stealth
 + Level 2.9 Spellcasting
 + Level 3.8 Hexes


You had 4 spell levels left.
You knew the following spells:

 Your Spells              Type           Power        Failure   Level  Hunger
a - Corona                Hex            ##.....      3%          1    #......


Dungeon Overview and Level Annotations

Branches:
Dungeon (3/15)

Altars:


Innate Abilities, Weirdness & Mutations

You are very small and have problems with some larger weapons.
You are too small for most types of armour.
You have supernaturally acute eyesight. (SInv)
You are a herbivore.
You cover ground extremely quickly.
You need consume almost no food.


Message History

2 orcs come into view.
The helpless rat fails to defend itself.
You puncture the rat!
You kill the rat!
You see here a rat corpse.
The helpless hobgoblin fails to defend itself.
You puncture the hobgoblin!
You kill the hobgoblin!
The orc misses you. The orc hits you with a whip.
Ouch! That really hurt!
Found a stone staircase leading down.
You see here a scroll labeled RIUGHO RUNIRCH.
As you read the scroll labeled RIUGHO RUNIRCH, it crumbles to dust.
It is a scroll of recharging.
You aren't carrying any rechargeable items.
The orc shouts!
The orc hits you with a whip.
Ouch! That really hurt!
You die...

#. #. #. ##o## ##.o.##
#.....# #....##
#..@#.##############
#.>..#o†g..K....§....#
#.#.###.###.#.#.#.#.##
....# ##S.......†....#
# #.. ###.#.#.#.#.##
#. ....g....<.# #
#.#.#.#.#.##
#............
##S#g#.#.#.##


You could see an orc wizard (wandering), 2 orcs, a goblin, a ball python and a
kobold.

Vanquished Creatures
  A giant cockroach (D:3)
  A hobgoblin (D:3)
  A kobold (D:2)
  A rat (D:3)
4 creatures vanquished.

Notes
Turn   | Place    | Note
-------+----------+-------------------------------------------
     0 | D:1      | Benedicte the Spriggan Enchanter began the quest for the Orb.
     0 | D:1      | Reached XP level 1. HP: 9/9 MP: 5/5
   283 | D:3      | Noticed an orc wizard
   290 | D:3      | Slain by an orc

Vault maps used:
D:1:      minmay_arrival_shattered_statue, hangedman_decor_clover_reticule,
          supply_closet_lemuel
D:2:      kennysheep_decorative_pillar, nrook_mini_vaults, tso_altar,
          uniq_sigmund
D:3:      st_stairs_10, uniq_jessica

Action                   || total
-------------------------++-------
Melee: Dagger            ||     7
  Use: Scroll            ||     2
 Stab: Sleeping          ||     4
Armor: Robe              ||     1
Dodge: Dodged            ||    14

Table legend:
 A = Spawn XP
 B = Non-spawn XP
 C = Spawn XP percentage of total XP
 D = Spawn monster count
 E = Non-spawn monster count
 F = Spawn count percentage of total count
 G = Total turns spent on level
                    A         B        C        D         E        F      G
               +---------+---------+-------+---------+---------+-------+---------
         Total |       0 |       6 |   0.0 |       0 |       4 |   0.0 |   290
               +---------+---------+-------+---------+---------+-------+---------
           D:2 |       0 |       1 |   0.0 |       0 |       1 |   0.0 |   226
           D:3 |       0 |       5 |   0.0 |       0 |       3 |   0.0 |    16
               +---------+---------+-------+---------+---------+-------+---------
